 Dungeon Crawl Stone Soup version 0.29-a0-838-g385bb11a5b (webtiles) character file.

Game seed: 1208518772918229531

14 lesaewzxc the Grave Robber (level 2, -1/20 HPs)
             Began as a Ghoul Necromancer on July 13, 2022.
             Slain by a goblin
             ... wielding a +2 dagger of distortion
              (11 damage)
             ... on level 3 of the Dungeon.
             The game lasted 00:03:12 (542 turns).

lesaewzxc the Grave Robber (Ghoul Necromancer)       Turns: 542, Time: 00:03:12

Health: -1/20      AC:  2    Str: 11    XL:     2   Next: 45%
Magic:  4/4        EV: 12    Int: 10    God:
Gold:   69         SH:  0    Dex:  9    Spells: 4/5 levels left

rFire   + . .      SeeInvis .   (no weapon)
rCold   + . .      Faith    .   (no shield)
rNeg    + + +      Spirit   .   a - +0 robe
rPois   ∞          Reflect  .   (no helmet)
rElec   .          Harm     .   (no cloak)
rCorr   .          Rampage  .   (no gloves)
Will    .....                   (no boots)
Stlth   ++........              (no amulet)
HPRegen 0.00/turn               e - ring of protection from fire
MPRegen 0.09/turn               (no ring)

@: inhibited regen
A: claws 1, cold resistance 1, negative energy resistance 3, inhibited
regeneration, torment resistance 2, devour on kill
a: no special abilities


You were on level 3 of the Dungeon.
You visited 1 branch of the dungeon, and saw 3 of its levels.

You collected 69 gold pieces.

Inventory:

Armour
 a - a +0 robe (worn)
Jewellery
 e - a ring of protection from fire (left claw)
Scrolls
 f - a scroll of immolation
Potions
 b - a potion of magic
 c - a potion of curing {unknown}
 d - a potion of mutation {unknown}


   Skills:
 + Level 2.1 Dodging
 + Level 2.5 Stealth
 + Level 2.0 Spellcasting
 + Level 4.1 Necromancy


You had 4 spell levels left.
You knew the following spells:

 Your Spells              Type           Power      Damage    Failure   Level
a - Necrotise             Necr           36%        1d5       5%          1

Your spell library contained the following spells:

 Spells                   Type           Power      Damage    Failure   Level
 Vampiric Draining        Necr           9%         2d6       17%         3
 Animate Dead             Necr           9%         N/A       50%         4
 Agony                    Necr           9%         N/A       83%         5


Dungeon Overview and Level Annotations

Branches:
Dungeon (3/15)

Altars:

Annotations:
D:3 1 transporter, zhov's ghost, amateur SpEn


Innate Abilities, Weirdness & Mutations

You are immune to poison.
You have sharp fingernails.
Your flesh is cold resistant. (rC+)
You are immune to negative energy. (rN+++)
You do not regenerate when monsters are visible.
You are immune to unholy pain and torment.
You thrive by killing the living.


Message History

A rat comes into view.
Found 3 gold pieces.
The hobgoblin closely misses you.
You closely miss the hobgoblin.
The hobgoblin hits you but does no damage.
You barely miss the hobgoblin. The hobgoblin misses you.
You closely miss the hobgoblin. The hobgoblin closely misses you.
You scratch the hobgoblin.
You kill the hobgoblin!
The rat bites you.
You scratch the rat.
You kill the rat!
You see here a rat corpse.
Found a stone staircase leading down.
You now have 66 gold pieces (gained 13).
You now have 69 gold pieces (gained 3).
There is a stone staircase leading down here.
You climb downwards.
There is a stone staircase leading up here.
Found 14 gold pieces.
Found a transporter.
You open the door.
Found a murky orange potion.
There is an open door here.
A zhov's ghost and a goblin come into view.
The goblin is wielding a +2 dagger of distortion.
Found 10 gold pieces.
The goblin shouts!
You see here a murky orange potion.
d - a murky orange potion Zhov's ghost whispers, "The ORB doesn't exist."
You miss the goblin.
The goblin hits you with a +2 dagger of distortion.
You blink.
The goblin barely misses you.
The goblin hits you with a +2 dagger of distortion.
Space warps around you.
You closely miss the goblin.
The goblin hits you with a +2 dagger of distortion.
Space warps horribly around you!
Ouch! That really hurt!
You die...

.##..
..#.#..#.#######
.#.#..#.#....<#
.##...##..####..#
....$$.W..##....#
###########..#.##
...©.©.....#'#.#
...............#
#....@g......#
#...........##
#...........#
#...........#
#...........#
#...........#
#...........#
######+######


You could see zhov's ghost and a goblin.

Vanquished Creatures
  2 endoplasms (D:1)
  A hobgoblin (D:2)
  3 ball pythons
  A bat (D:1)
  2 goblins (D:1)
  A kobold (D:1)
  2 rats (D:2)
12 creatures vanquished.

Vanquished Creatures (collateral kills)
  A ball python (D:1)
  A goblin (D:1)
2 creatures vanquished.

Grand Total: 14 creatures vanquished

Notes
Turn   | Place    | Note
-------+----------+-------------------------------------------
     0 | D:1      | lesaewzxc the Ghoul Necromancer began the quest for the
                  | Orb.
     0 | D:1      | Reached XP level 1. HP: 14/14 MP: 2/2
   314 | D:1      | Reached XP level 2. HP: 19/20 MP: 1/3
   531 | D:3      | Found a transporter.
   535 | D:3      | Noticed zhov's ghost (amateur SpEn)
   542 | D:3      | Slain by a goblin

Illustrated notes

Levels and vault maps discovered:
D:1:      lightli_iron_boxes, layout_loops_ring, chequers_serial_rivers_micro_a
D:2:      layout_rooms, basic_altar, serial_shops,
          nicolae_shop_advertising_works [nicolae_subvault_shop_adworks],
          grunt_ministairs_4, nicolae_figureground_pulse
D:3:      minmay_razor_zed, layout_basic, gammafunk_ghost_smash, st_stairs_2,
          kennysheep_generic_room_3

Skill      XL: |  1  2 |
---------------+-------+-----
Dodging        | 2 |  2.1
Spellcasting   | 2 |  2.0
Stealth        | |  2.5
Necromancy     | |  4.1

Action                   || total
-------------------------++-------
Melee: Unarmed           ||    32
 Cast: Necrotise         ||     6
  Use: Scroll            ||     5
       Potion            ||     1
Armor: Robe              ||     5
Dodge: Dodged            ||    24

Table legend: (Time is in decaauts)
 A = Elapsed time spent in this place.
 B = Non-inter-level travel time spent in this place.
 C = Inter-level travel time spent in this place.
 D = Time resting spent in this place.
 E = Time spent auto-exploring this place.
 F = Levels seen in this place.
 G = Mean time per level.
                   A        B        C        D        E       F      G
               +--------+--------+--------+--------+--------+-----+--------+
         Total |    541 |    528 |     13 |      0 |    164 |   3 |  180.3 |
       Dungeon |    541 |    528 |     13 |      0 |    164 |   3 |  180.3 |
               +--------+--------+--------+--------+--------+-----+--------+

Top non-repeatable levels by time:
     D:1: 423 daAuts
     D:2: 103 daAuts
     D:3: 13 daAuts
